 Dungeon Crawl Stone Soup version 0.28-a0-915-gcd63401287 (webtiles) character file.

Game seed: 12241939716266289596

2260 vineage the Fighter (level 9, -2/68 HPs)
             Began as a Gargoyle Fighter on Nov 25, 2021.
             Was a Believer of Okawaru.
             Slain by a troll (11 damage)
             ... on level 6 of the Dungeon.
             The game lasted 00:08:13 (6652 turns).

vineage the Fighter (Gargoyle Fighter)              Turns: 6652, Time: 00:08:13

Health: -2/68      AC: 21    Str: 20    XL:     9   Next: 38%
Magic:  7/9        EV:  5    Int:  9    God:    Okawaru [**....]
Gold:   217        SH: 16    Dex: 14    Spells: 8/8 levels left

rFire   . . .      SeeInvis .   j - +0 rapier (venom)
rCold   . . .      Faith    .   f - +1 tower shield
rNeg    + . .      Spirit   .   n - +0 plate armour
rPois   ∞          Reflect  .   (no helmet)
rElec   +          Harm     .   c - scarf {repulsion}
rCorr   .          Rampage  .   (no gloves)
Will    +....                   g - +0 pair of boots
Stlth   ..........              a - amulet of Ehio {Acrobat Will+ Dex+2}
HPRegen 0.21/turn               (no ring)
MPRegen 0.11/turn               (no ring)

@: heroic, repel missiles
A: sickness immunity, AC +6, negative energy resistance 1, electricity
resistance, torment resistance 1, petrification resistance
a: Renounce Religion, Heroism


You were on level 6 of the Dungeon.
You worshipped Okawaru.
Okawaru was pleased with you.
You visited 1 branch of the dungeon, and saw 7 of its levels.

You collected 217 gold pieces.

Inventory:

Hand Weapons
 j - a +0 rapier of venom (weapon)
Armour
 c - a scarf of repulsion (worn)
 f - a +1 tower shield (worn)
 g - a +0 pair of boots (worn)
 n - a +0 plate armour (worn)
Jewellery
 a - the amulet of Ehio (around neck) {Acrobat Will+ Dex+2}
   (You acquired it on level 3 of the Dungeon)

   [amulet of the acrobat]

   It increases your evasion while moving and waiting.
   Dex:       It affects your dexterity (+2).
   Will:      It increases your willpower.
Wands
 e - a wand of digging (6)
 t - a wand of polymorph (7)
Scrolls
 h - a scroll of enchant weapon
 i - 3 scrolls of magic mapping
 k - 6 scrolls of fog
 r - a scroll of identify
 s - a scroll of blinking {unknown}
Potions
 b - a potion of lignification {unknown}
 l - a potion of mutation
 m - a potion of magic
 p - a potion of degeneration {unknown}
 q - a potion of attraction


   Skills:
 + Level 13.2(18.2) Fighting
 - Level 2.0(7.0) Maces & Flails
 * Level 4.0(9.0) Armour
 * Level 4.0(9.0) Shields


You had 8 spell levels left.
You didn't know any spells.
Your spell library contained the following spells:

 Spells                   Type           Power      Damage    Failure   Level
 Pain                     Necr           0%         1d4       100%        1
 Frozen Ramparts          Ice            0%         1d2       100%        3
 Vampiric Draining        Necr           0%         2d6       100%        3
 Ice Form                 Ice/Tmut       0%         N/A       100%        4
 Animate Skeleton         Necr           Unusable   N/A       N/A         1
 Summon Ice Beast         Ice/Summ       Unusable   N/A       N/A         4

Dungeon Overview and Level Annotations

Branches:
Dungeon (7/15)             Temple (0/1) D:4

Altars:
Dithmenos
Kikubaaqudgha
Okawaru
Xom


Innate Abilities, Weirdness & Mutations

You are immune to sickness and miasma.
Your stone body is resilient. (AC +6)
You are immune to poison.
You resist negative energy. (rN+)
You are resistant to electric shocks. (rElec)
You are resistant to unholy torment.
You are immune to petrification.


Message History

You block the troll's attack. The troll bites you.
You block the troll's attack. The troll claws you but does no damage.
You hit the troll.
The troll is lightly wounded.
You block the troll's attack. x2; The troll claws you.
Your shield and plate armour prevent you from hitting the troll.
The troll is lightly wounded.
The troll bites you but does no damage. You block the troll's attack. x2
The troll bites you but does no damage. You block the troll's attack. x2
You closely miss the troll.
The troll is lightly wounded.
The troll bites you! The troll claws you. You block the troll's attack.
The troll bites you! The troll claws you.
The troll claws you but does no damage.
You are too injured to fight recklessly!
You are too injured to fight recklessly!
You are too injured to fight recklessly!
You are too injured to fight recklessly!
You are too injured to fight recklessly!
You are too injured to fight recklessly!
You are too injured to fight recklessly!
You are too injured to fight recklessly!
You are too injured to fight recklessly!
You are too injured to fight recklessly!
You gain the combat prowess of a mighty hero.
The troll bites you!
* * * LOW HITPOINT WARNING * * *
You block the troll's attack. x2
Your shield prevents you from hitting the troll.
The troll bites you!
* * * LOW HITPOINT WARNING * * *
The troll claws you but does no damage. You block the troll's attack.
You hit the troll.
The troll is poisoned.
The troll is lightly wounded.
You block the troll's attack. x2; The troll claws you.
* * * LOW HITPOINT WARNING * * *
You hit the troll.
The troll looks as sick as possible!
The troll is moderately wounded.
The troll bites you!
You die...

.# #.).....####
###.##......... .#
##...#### #...###########
.# #... #.### .# #.. ## #.#
.# #...# #.# #.# .#
#...###.#.###># ##
####...##.###)#..# .
...............## ...
...........@#.#.. ....
.........T...#.# .###
#...##.#.#.#.#.# #
#...###...##.#.#
#........###.#.#
#...#........#.# ##########
#...#.##.##....###.........
#.....##.##.#÷.....#..#####
#..)...#.......###....#


You could see a troll (extremely poisoned).

Vanquished Creatures
  A hydra (D:6)
  Edmund (D:4)
  2 water moccasins
  An orc warrior (D:6)
  A sky beast (D:5)
  An ice beast (D:6)
  An ogre (D:6)
  A centaur (D:6)
  2 phantoms (D:5)
  Blork the orc (D:4)
  A scorpion (D:5)
  A howler monkey (D:5)
  2 hounds
  A jelly (D:6)
  A gnoll shaman (D:3)
  Crazy Yiuf (D:3)
  Ijyb (D:4)
  3 iguanas
  An orc wizard (D:6)
  Natasha (thrice) (D:4)
  A hound skeleton (D:5)
  8 gnolls
  5 adders
  A river rat (D:4)
  A white imp (D:5)
  3 worms
  5 dart slugs
  3 orcs
  8 endoplasms
  4 giant cockroaches
  3 goblins
  3 hobgoblins
  9 jackals
  6 kobolds
  5 quokkas
  8 ball pythons
  6 bats
  A quokka skeleton (D:4)
  6 rats
113 creatures vanquished.

Vanquished Creatures (others)
  4 fungi (D:4)
4 creatures vanquished.

Grand Total: 117 creatures vanquished

Notes
Turn   | Place    | Note
-------+----------+-------------------------------------------
     0 | D:1      | vineage the Gargoyle Fighter began the quest for the Orb.
     0 | D:1      | Reached XP level 1. HP: 14/14 MP: 1/1
   137 | D:1      | Reached XP level 2. HP: 20/20 MP: 2/2
   242 | D:1      | Reached skill level 4 in Fighting
   703 | D:1      | Found a faded altar of an unknown god.
   756 | D:1      | Reached XP level 3. HP: 24/24 MP: 3/3
  1409 | D:2      | Reached skill level 5 in Fighting
  1718 | D:2      | Reached XP level 4. HP: 31/31 MP: 4/4
  2223 | D:3      | Reached skill level 6 in Fighting
  2223 | D:3      | Reached XP level 5. HP: 14/36 MP: 5/5
  2433 | D:3      | Noticed a water moccasin
  2448 | D:3      | Killed a water moccasin
  2449 | D:3      | Reached skill level 7 in Fighting
  2449 | D:3      | Reached XP level 6. HP: 11/44 MP: 6/6
  2984 | D:3      | Found a shadowy altar of Dithmenos.
  3090 | D:3      | Found a runed translucent door.
  3091 | D:3      | Noticed Crazy Yiuf
  3097 | D:3      | Killed Crazy Yiuf
  3272 | D:3      | Identified a scroll of acquirement
  3272 | D:3      | Acquired the amulet of Ehio {Acrobat Will+ Dex+2}
  3320 | D:4      | Found an iron altar of Okawaru.
  3369 | D:4      | Became a worshipper of Warmaster Okawaru
  3382 | D:4      | Noticed Edmund
  3407 | D:4      | Killed Edmund
  3408 | D:4      | Reached skill level 8 in Fighting
  3408 | D:4      | Reached XP level 7. HP: 42/50 MP: 7/7
  3466 | D:4      | Found a staircase to the Ecumenical Temple.
  3506 | D:4      | Reached skill level 9 in Fighting
  3810 | D:4      | Found a glowing drain.
  3863 | D:4      | Noticed Ijyb
  3877 | D:4      | Killed Ijyb
  3877 | D:4      | Reached * piety under Okawaru
  4047 | D:4      | Noticed Natasha
  4053 | D:4      | Killed Natasha
  4075 | D:4      | Noticed Natasha
  4090 | D:4      | Killed Natasha
  4178 | D:4      | Found an ancient bone altar of Kikubaaqudgha.
  4256 | D:4      | Noticed Blork the orc
  4269 | D:4      | Killed Blork the orc
  4780 | D:4      | Noticed Natasha
  4788 | D:4      | Killed Natasha
  4789 | D:4      | Reached skill level 10 in Fighting
  5057 | D:5      | Entered Level 5 of the Dungeon
  5135 | D:5      | Reached XP level 8. HP: 57/57 MP: 8/8
  5209 | D:5      | Found a shimmering altar of Xom.
  5256 | D:5      | You fall into a shaft and drop 2 floors!
  5518 | D:5      | Reached skill level 11 in Fighting
  5647 | D:5      | Found a shimmering altar of Xom.
  5778 | D:6      | Reached ** piety under Okawaru
  5920 | D:6      | Noticed a four-headed hydra
  5979 | D:6      | Noticed a troll
  6219 | D:6      | Killed a four-headed hydra
  6220 | D:6      | Reached skill level 13 in Fighting
  6220 | D:6      | Reached XP level 9. HP: 8/68 MP: 7/9
  6652 | D:6      | Slain by a troll

Illustrated notes

Levels and vault maps discovered:
D:1:      minmay_arrival_semitransparent, layout_loops_ring,
          nicolae_ecumenical_lake_church
D:2:      layout_loops_corners, minmay_heptomino_l4
D:3:      layout_rooms, nicolae_dithmenos_through_a_glass_darkly,
          uniq_crazy_yiuf_cottage
D:4:      layout_loops_cross, mainiacjoe_overflow_catwalk,
          mainiacjoe_overflow_boulevard, minmay_temple_entry_sparse_star,
          portal_sewer_entry_a, uniq_natasha, uniq_blork_the_orc, uniq_edmund,
          uniq_ijyb
D:5:      layout_cave_pools, serial_bayou, serial_bayou_lagoon_a,
          serial_bayou_ford_a, serial_bayou_pond_a, serial_bayou_pond_d,
          hangedman_feature_mirror, minmay_circle_x
D:6:      layout_loops_cross, lemuel_tele_altar
D:7:      layout_rooms, nzn_wu_jian_council_hall, kennysheep_mini,
          nicolae_hepliaklqana_ecumenical_no_more, minmay_misc_feat_square,
          minmay_liquid_box, nicolae_elevator_lobby_plus, uniq_prince_ribbit1

Skill      XL: |  1  2  3  4  5  6  7  8  9 |
---------------+----------------------------+-----
Fighting       | 4 5 6 7 8 10 13 | 13.2
Armour         | 4 |  4.0
Shields        | 4 |  4.0
Maces & Flails | |  2.0

Action                   |  1- 3 |  4- 6 |  7- 9 || total
-------------------------+-------+-------+-------++-------
Melee: Flail             |    89 |       |       ||    89
       Rapier            |    19 |   101 |   241 ||   361
Invok: Heroism           |       |       |     3 ||     3
  Use: Scroll            |     1 |     8 |     4 ||    13
       Potion            |       |     2 |     2 ||     4
Armor: Scale mail        |    61 |    56 |    40 ||   157
       Plate armour      |       |       |   122 ||   122
Dodge: Dodged            |    30 |    30 |    39 ||    99
Block: Buckler           |     3 |       |       ||     3
       Tower shield      |    61 |    70 |   215 ||   346

Table legend: (Time is in decaauts)
 A = Elapsed time spent in this place.
 B = Non-inter-level travel time spent in this place.
 C = Inter-level travel time spent in this place.
 D = Time resting spent in this place.
 E = Time spent auto-exploring this place.
 F = Levels seen in this place.
 G = Mean time per level.
                   A        B        C        D        E       F      G
               +--------+--------+--------+--------+--------+-----+--------+
         Total |   6923 |   6402 |    521 |    694 |   4437 |   7 |  989.0 |
       Dungeon |   6923 |   6402 |    521 |    694 |   4437 |   7 |  989.0 |
               +--------+--------+--------+--------+--------+-----+--------+

Top non-repeatable levels by time:
     D:4: 1819 daAuts
     D:3: 1297 daAuts
     D:2: 1174 daAuts
     D:1: 956 daAuts
     D:6: 948 daAuts
     D:5: 694 daAuts
     D:7: 34 daAuts
